Map: Frozen Temple

Players

Miszu

  • Race: Terran Terran
  • League: Master

Chabby - Winner!

  • Race: Protoss Protoss
  • League: Grandmaster

VOD

Have the link to the VOD?

Description

Time

  • Played on: April 4, 2016, 1:52 p.m.
  • Length: 6:57
Show
View Real Time Build Order
Export as new Build Order

Miszu Terran 

Build Orders: 1/1/1, Cyclone Opening 

Get SALT Encoding   

  12  0:00  SCV  
  13  0:12  SCV  
  14  0:18  Supply Depot  
  14  0:24  SCV  
  14  0:27  Refinery  
  15  0:39  SCV  
  16  0:45  Barracks  
  16  0:51  SCV  
  17  0:58  Refinery  
  17  1:03  SCV  
  18  1:16  SCV  
  19  1:28  SCV  
  19  1:32  Marine  
  21  1:33  Factory  
  21  1:40  Orbital Command  
  21  1:49  Supply Depot  
  21  1:53  Marine  
  22  2:06  SCV  
  23  2:11  Marine  
  24  2:17  Starport  
  26  2:26  Factory Tech Lab  
  26  2:29  Bunker, SCV  
  25  2:39  Marine  
  25  2:42  SCV  
  27  2:49  Cyclone  
  30  2:54  SCV  
  31  2:59  Marine  
  31  3:07  Supply Depot  
  31  3:27  Liberator  
  31  3:30  Supply Depot  
  31  3:31  Marine  
  31  3:41  Supply Depot  
  30  3:49  Marine  
  30  4:01  Cyclone  
  30  4:02  Supply Depot, SCV  
  29  4:14  Marine, SCV  
  31  4:26  SCV  
  32  4:38  SCV  
  36  4:45  Cyclone  
  36  4:48  Supply Depot  
  36  4:50  SCV  
  36  4:57  Liberator  
  36  5:03  SCV  
  37  5:08  Marine  
  38  5:15  SCV  
  38  5:18  Supply Depot  
  38  5:19  Supply Depot  
  42  5:26  Marine  
  42  5:27  SCV  
  43  5:39  Supply Depot, SCV  
  44  5:44  Marine  
  45  5:51  SCV  
  45  5:53  Siege Tank  
  45  6:02  Marine  
  45  6:03  SCV  
  37  6:23  Marine  
  33  6:33  SCV  
  32  6:42  Bunker  
  32  6:45  Supply Depot  
Show
View Real Time Build Order
Export as new Build Order

Chabby Protoss - Winner!

Build Orders:  

Get SALT Encoding   

  12  0:01  Probe (Chrono Boost)  
  13  0:12  Probe (Chrono Boost)  
  14  0:18  Pylon  
  14  0:22  Probe (Chrono Boost)  
  15  0:36  Probe (Chrono Boost)  
  15  0:40  Gateway  
  16  0:46  Assimilator  
  16  0:49  Probe (Chrono Boost)  
  17  0:57  Pylon  
  17  1:01  Probe (Chrono Boost)  
  18  1:12  Probe (Chrono Boost)  
  18  1:17  Gateway  
  20  1:28  Cybernetics Core  
  20  1:31  Probe (Chrono Boost)  
  20  1:36  Assimilator  
  20  1:41  Probe (Chrono Boost)  
  21  1:52  Probe (Chrono Boost)  
  22  2:04  Mothership Core (Chrono Boost)  
  22  2:05  Adept (Chrono Boost)  
  28  2:09  Adept (Chrono Boost)  
  28  2:13  Warp Gate  
  28  2:22  Pylon  
  28  2:29  Adept (Chrono Boost)  
  30  2:37  Pylon  
  32  2:44  Adept (Chrono Boost)  
  32  2:50  Pylon  
  32  2:53  Adept (Chrono Boost)  
  32  2:56  Probe  
  35  3:11  Adept (Chrono Boost)  
  35  3:12  Twilight Council, Probe  
  38  3:30  Probe  
  39  3:52  Adept (Chrono Boost)  
  39  4:00  Adept (Chrono Boost), Probe  
  38  4:04  Blink (Chrono Boost)  
  38  4:18  Gateway  
  38  4:21  Gateway  
  38  4:24  Probe  
  38  4:25  Pylon  
  38  4:27  Pylon  
  39  4:42  Stalker  
  39  4:45  Stalker  
  41  4:57  Probe  
  42  5:08  Stalker x2  
  44  5:19  Stalker x2  
  42  5:30  Nexus, Pylon  
  42  5:31  Stalker  
  42  5:32  Stalker  
  46  5:41  Stalker  
  44  5:47  Stalker  
  34  6:16  Stalker x4  
  38  6:39  Stalker x2  
  40  6:40  Stalker  
  40  6:42  Adept  
  44  6:48  Assimilator  
Tags
 
Add a new tag
Caveats
  • Supply blocks, unpowered buildings, or Contaminate may cause inaccurate times.
  • Supply counts are checked every 10 seconds.